 Dungeon Crawl Stone Soup version 0.28-a0-687-gb91baff9cc (webtiles) character file.

Game seed: 15570662350180406466

201 mordus the Shield-Bearer (level 6, -5/47 HPs)
             Began as a Formicid Fighter on Oct 19, 2021.
             Slain by an ogre (23 damage)
             ... on level 4 of the Dungeon.
             The game lasted 00:03:39 (2727 turns).

mordus the Shield-Bearer (Formicid Fighter)         Turns: 2727, Time: 00:03:40

Health: -5/47      AC:  7    Str: 23    XL:     6   Next: 7%
Magic:  6/6        EV:  9    Int:  7    God:
Gold:   131        SH:  4    Dex: 10    Spells: 5/5 levels left

rFire   . . .      SeeInvis +   a - +0 flail
rCold   . . .      Faith    .   c - +0 buckler
rNeg    . . .      Spirit   .   b - +0 scale mail
rPois   .          Reflect  .   (helmet unavailable)
rElec   .          Harm     .   (no cloak)
rCorr   .          Rampage  .   (no gloves)
Will    .....                   (no boots)
Stlth   ..........              (no amulet)
HPRegen 0.15/turn               (no ring)
MPRegen 0.10/turn               (no ring)

@: no status effects
A: permanent stasis, dig shafts and tunnels, antennae 3, four strong arms
a: Dig, Shaft Self


You were on level 4 of the Dungeon.
You visited 1 branch of the dungeon, and saw 4 of its levels.

You collected 131 gold pieces.

Inventory:

Hand Weapons
 a - a +0 flail (weapon)
Missiles
 m - a throwing net
Armour
 b - a +0 scale mail (worn)
 c - a +0 buckler (worn)
Jewellery
 j - an amulet of reflection
Wands
 o - a wand of iceblast (12)
 q - a wand of mindburst (6)
Scrolls
 g - a scroll of enchant armour {unknown}
 i - a scroll of fear {unknown}
 k - 2 scrolls of fog {unknown}
 p - a scroll of magic mapping {unknown}
 r - a scroll of identify {unknown}
Potions
 d - 2 potions of might
 e - 2 potions of heal wounds
 f - a potion of brilliance {unknown}
 h - a potion of curing {unknown}
 l - a potion of haste {unknown}
 n - a potion of lignification {unknown}
 s - a potion of flight {unknown}


   Skills:
 - Level 3.2 Fighting
 * Level 4.3 Maces & Flails
 + Level 4.4 Armour
 + Level 4.9 Shields


You had 5 spell levels left.
You didn't know any spells.
Your spell library was empty.

Dungeon Overview and Level Annotations

Branches:
Dungeon (4/15)
 Temple: D:4-7

Altars:
Xom


Innate Abilities, Weirdness & Mutations

You cannot be hasted, slowed, berserked, paralysed or teleported.
You can dig through walls and to a lower floor.
You have a pair of large antennae on your head. (SInv)
Your four strong arms can wield two-handed weapons with a shield.


Message History

Okay, then.
Done exploring.
No target in view!
Done exploring.
No target in view!
Done exploring.
(D) Dungeon
Where to? (Enter - D:15, ? - help)
Okay, then.
Search for what [? for help]? chain Can't find anything matching that.
(D) Dungeon
Where to? (Enter - D:15, ? - help)
There is a stone staircase leading down here.
You climb downwards.
Found 9 gold pieces, a club, a short sword, 19 bolts and a lumpy dark potion.
There is a stone staircase leading up here.
An ogre is nearby!
An ogre is nearby!
You see here 9 gold pieces.
You now have 131 gold pieces (gained 9).
Found 6 gold pieces.
Found a trident.
You see here a lumpy dark potion.
s - a lumpy dark potion It was a potion of heal wounds.
You feel much better.
You hit the ogre.
The ogre is lightly wounded.
The ogre hits you with a +0 giant spiked club!!
Ouch! That really hurt!
You barely miss the ogre.
The ogre is lightly wounded.
You block the ogre's attack.
You closely miss the ogre.
The ogre is lightly wounded.
The ogre hits you with a +0 giant spiked club.
You barely miss the ogre.
The ogre is lightly wounded.
The ogre hits you with a +0 giant spiked club!!
You die...

.. ..########
#.....)..# .........#
#.. #.......# #....
#......@# #..8..
#......O#######......
#.......#.........8..
#..$........).......
#.....###.........#
#..... #)........#
..... #.....<...#
..... ..........#.#
#### ###.###...# #


You could see an ogre.

Vanquished Creatures
  2 orc wizards (D:3)
  4 gnolls (D:3)
  2 adders (D:3)
  A worm (D:2)
  A dart slug (D:3)
  7 orcs (D:3)
  10 bats
  10 endoplasms
  2 giant cockroaches (D:3)
  8 goblins
  8 hobgoblins
  7 kobolds
  3 quokkas
  6 ball pythons
  3 frilled lizards
  4 rats (D:1)
78 creatures vanquished.

Notes
Turn   | Place    | Note
-------+----------+-------------------------------------------
     0 | D:1      | mordus the Formicid Fighter began the quest for the Orb.
     0 | D:1      | Reached XP level 1. HP: 18/18 MP: 1/1
    85 | D:1      | Reached XP level 2. HP: 24/24 MP: 2/2
   512 | D:1      | Reached XP level 3. HP: 26/29 MP: 3/3
   775 | D:2      | Found a shimmering altar of Xom.
  1505 | D:2      | Found a faded altar of an unknown god.
  1515 | D:2      | Reached XP level 4. HP: 35/35 MP: 4/4
  1921 | D:3      | Reached XP level 5. HP: 41/41 MP: 5/5
  2337 | D:3      | Reached XP level 6. HP: 44/47 MP: 6/6
  2709 | D:4      | Noticed an ogre
  2727 | D:4      | Slain by an ogre

Illustrated notes

Levels and vault maps discovered:
D:1:      amcnicky_arrival_gap_in_the_tavern_cellar, layout_basic
D:2:      layout_loops_cross, basic_altar,
          shapermc_ecumenical_altar_mp_urbaneastern, minmay_heptomino_h4
D:3:      minmay_spotlight, layout_basic
D:4:      layout_basic, serial_shops, shop_fountains,
          chequers_serial_rivers_room_b, grunt_ministairs_9,
          guppyfry_early_orc_mine, uniq_purgy

Skill      XL: |  1  2  3  4  5 |
---------------+----------------+-----
Shields        | 4 |  4.9
Maces & Flails | 3 4 |  4.3
Armour         | 4 |  4.4
Fighting       | |  3.2

Action                   |  1- 3 |  4- 6 || total
-------------------------+-------+-------++-------
Melee: Flail             |   105 |   111 ||   216
  Use: Potion            |       |     1 ||     1
Armor: Scale mail        |    53 |    53 ||   106
Dodge: Dodged            |    57 |    54 ||   111
Block: Buckler           |    20 |    23 ||    43

Table legend: (Time is in decaauts)
 A = Elapsed time spent in this place.
 B = Non-inter-level travel time spent in this place.
 C = Inter-level travel time spent in this place.
 D = Time resting spent in this place.
 E = Time spent auto-exploring this place.
 F = Levels seen in this place.
 G = Mean time per level.
                   A        B        C        D        E       F      G
               +--------+--------+--------+--------+--------+-----+--------+
         Total |   2777 |   2691 |     86 |    205 |   1980 |   4 |  694.2 |
       Dungeon |   2777 |   2691 |     86 |    205 |   1980 |   4 |  694.2 |
               +--------+--------+--------+--------+--------+-----+--------+

Top non-repeatable levels by time:
     D:3: 1169 daAuts
     D:2: 839 daAuts
     D:1: 749 daAuts
     D:4: 18 daAuts
